 Dungeon Crawl Stone Soup version 0.31.0-12-g77e489cdc1 (webtiles) character file.

Game seed: 16329699274575160240

324 Silvore the Slasher (level 6, -1/47 HPs)
             Began as a Demonspawn Fighter on Feb 11, 2024.
             Slain by a ball python (3 damage)
             ... on level 4 of the Dungeon.
             The game lasted 00:05:32 (3121 turns).

Silvore the Slasher (Demonspawn Fighter)            Turns: 3121, Time: 00:05:33

Health: -1/47      AC: 11    Str: 18    XL:     6   Next: 23%
Magic:  6/6        EV:  7    Int: 15    God:
Gold:   191        SH:  5    Dex: 18    Spells: 5/5 levels left

rFire   + . .        a - +1 long sword
rCold   + . .        c - +0 buckler
rNeg    . . .        b - +0 scale mail
rPois   +            e - +1 helmet
rElec   +            (no cloak)
rCorr   +            (no gloves)
SInv    .            (no boots)
Will    .....        (no amulet) Stlth
                     g - +6 ring of dexterity
HPRegen 0.27/turn    o - +6 ring of intelligence
MPRegen 0.10/turn

%: no passive effects
@: resistant, constricted
A: slimy green scales 1, powered by pain 2
a: no special abilities


You were on level 4 of the Dungeon.
You visited 1 branch of the dungeon, and saw 4 of its levels.
You also visited: Sewer.

You collected 191 gold pieces.

Inventory:

Hand Weapons
 a - a +1 long sword (weapon)
Armour
 b - a +0 scale mail (worn)
 c - a +0 buckler (worn)
 e - a +1 helmet (worn)
Jewellery
 g - a +6 ring of dexterity (left hand)
 o - a +6 ring of intelligence (right hand)
Wands
 d - a wand of polymorph (2)
Scrolls
 p - a scroll of blinking
Potions
 f - 2 potions of haste {unknown}
 h - a potion of lignification
 i - a potion of curing {unknown}
 k - a potion of brilliance
 l - a potion of mutation {unknown}
 m - a potion of berserk rage {unknown}


   Skills:
 + Level 3.5 Fighting
 + Level 4.1 Long Blades
 + Level 3.7 Armour
 + Level 1.4 Dodging
 + Level 0.3 Stealth
 + Level 3.5 Shields
 + Level 0.2 Unarmed Combat


You had 5 spell levels left.
You didn't know any spells.
Your spell library contained the following spells:

 Spells                   Type           Power      Damage    Failure   Level
 Magic Dart               Conj           0%         1d3       71%         1
 Necrotise                Necr           0%         1d4       71%         1
 Searing Ray              Conj           0%         2d4       85%         2
 Vampiric Draining        Necr           0%         2d6       97%         3
 Fulminant Prism          Conj/Alch      0%         3d5       100%        4
 Martyr's Knell           Necr/Summ      0%         N/A       100%        4
 Summon Blazeheart Golem  Fire/Summ      0%         N/A       100%        4
 Curse of Agony           Necr           0%         N/A       100%        5
 Orb of Destruction       Conj           0%         9d5       100%        7
 Spellforged Servitor     Conj/Summ      0%         N/A       100%        7


Dungeon Overview and Level Annotations

Branches:
Dungeon (4/15)              Sewer (visited)
 Temple: D:4-7

Altars:

Shops:
D:2 *

Portals:
Ossuary: D:4

Annotations:
D:4 Menkaure


Innate Abilities, Weirdness & Mutations

You are partially covered in slimy green scales. (AC +2)
You sometimes gain power by taking damage.


Message History

The ball python constricts you.
You disentangle yourself.
The ball python bites you but does no damage.
The ball python constricts you. Menkaure hits you but does no damage.
You escape the ball python's grasp.
The ball python evades a web.
Menkaure calls on the powers of darkness!
The ball python convulses!
Your body is wracked with pain!
The ball python attacks as it pursues you!
The ball python barely misses you. x2; The goblin evades a web.
You pick your way through the web.
Menkaure is caught in a web!
There is a web here.
The ball python is caught in a web!
Menkaure forgets how to speak, silenced by the ages.
Menkaure pulls away from the web.
The ball python pulls away from the web.
There is a sand-covered staircase here.
The ball python bites you but does no damage.
The ball python grabs you.
You stop descending the stairs.
The ball python constricts you.
Unknown command.
The ball python's grasp on you weakens, but your attempt to escape fails.
The goblin hits you but does no damage. The ball python closely misses you.
The ball python constricts you.
Menkaure blazes with dark energy!
The ball python's grasp on you weakens, but your attempt to escape fails.
The ball python bites you but does no damage.
The ball python constricts you. Menkaure closely misses you.
You block the goblin's attack.
You hit the ball python.
The ball python is heavily wounded.
Menkaure hits you! The ball python bites you. The ball python constricts you.
The goblin barely misses you.
Menkaure points at you and mumbles some strange words.
Pain shoots through your body!
* * * LOW HITPOINT WARNING * * *
The ball python bites you but does no damage.
The ball python constricts you.
You feel protected. You block the goblin's attack. The ball python bites you.
You die...

.. #..(#...#
...#....)..## .
#..........##..
......#.#......
#######.#.#.<....
#.8.8.#...##.....
##^^^..##..##.....
#.g8^8..#.##......
#@S..^..'.........
#.M8.8.^#.....##..
##.....##.....# ..
#^8.8.#.....## ..
#######.#..... .
##.... .# ...[ ...


You could see Menkaure (fast), a goblin and a ball python.

Vanquished Creatures
  2 bullfrogs (Sewer)
  An orc wizard (D:3)
  Robin (D:2)
  4 adders
  A ribbon worm (D:3)
  11 dart slugs
  4 orcs (D:3)
  13 ball pythons
  2 endoplasms (D:3)
  9 giant cockroaches
  12 goblins
  8 hobgoblins
  4 jackals (D:1)
  6 quokkas
  4 bats
  7 frilled lizards
  6 kobolds
  9 rats
104 creatures vanquished.

Notes
Turn   | Place    | Note
-------+----------+-------------------------------------------
     0 | D:1      | Silvore the Demonspawn Fighter began the quest for the Orb.
     0 | D:1      | Reached XP level 1. HP: 18/18 MP: 1/1
   190 | D:1      | Gained mutation: You are partially covered in slimy green
                  | scales. (AC +2) [demonic ancestry]
   190 | D:1      | Reached XP level 2. HP: 20/24 MP: 2/2
   253 | D:1      | Reached skill level 2 in Long Blades
   431 | D:1      | Gained mutation: You sometimes gain a little power by
                  | taking damage. [demonic ancestry]
   431 | D:1      | Reached XP level 3. HP: 27/29 MP: 3/3
   950 | D:2      | Found Jeywkir's General Store.
  1036 | D:2      | Found a faded altar of an unknown god.
  1141 | D:2      | Noticed Robin
  1199 | D:2      | Killed Robin
  1200 | D:2      | Reached skill level 3 in Long Blades
  1200 | D:2      | Gained mutation: You sometimes gain power by taking damage.
                  | [demonic ancestry]
  1200 | D:2      | Reached XP level 4. HP: 27/35 MP: 1/4
  1732 | D:3      | Found a glowing drain.
  1739 | Sewer    | Entered a sewer
  1920 | Sewer    | Reached XP level 5. HP: 39/41 MP: 5/5
  2046 | Sewer    | Reached skill level 1 in Dodging
  2087 | Sewer    | Reached skill level 4 in Long Blades
  2087 | Sewer    | Reached XP level 6. HP: 12/47 MP: 6/6
  3101 | D:4      | Noticed Menkaure
  3107 | D:4      | Found a sand-covered staircase.
  3120 | D:4      | HP: 2/47 [Menkaure/nerve-wracking pain (14)]
  3121 | D:4      | Slain by a ball python

Illustrated notes

Levels and vault maps discovered:
D:1:      amcnicky_arrival_abandoned_market, layout_basic, minmay_misc_feat_x,
          hangedman_decor_push, minmay_hedge_maze, minmay_tetromino_s4
D:2:      layout_rooms, serial_shops, shop,
          shapermc_ecumenical_altar_mp_vishouse, moated_statue, uniq_robin
D:3:      layout_basic, gup_sewer_entry_bubbles, grunt_decor_mini_mirrors,
          kennysheep_nub
D:4:      layout_cave_pools, kennysheep_little_box,
          gammafunk_temple_overflow_elements,
          mainiacjoe_ossuary_entry_dusty_tomb, uniq_sigmund, uniq_natasha,
          uniq_menkaure

Skill      XL: |  1  2  3  4  5 |
---------------+----------------+-----
Long Blades    | 2 3 4 |  4.1
Armour         | 3 |  3.7
Shields        | 3 |  3.5
Dodging        | 1 |  1.4
Fighting       | |  3.5
Stealth        | |  0.3
Unarmed Combat | |  0.2

Action                     |  1- 3 |  4- 6 || total
---------------------------+-------+-------++-------
  Melee: Long sword        |   148 |   184 ||   332
         Unarmed           |     3 |       ||     3
    Use: Scroll            |     3 |     7 ||    10
         Potion            |     2 |     1 ||     3
 Armour: Scale mail        |   156 |   186 ||   342
  Dodge: Dodged            |   106 |   152 ||   258
  Block: Buckler           |    39 |    63 ||   102
